 Dungeon Crawl Stone Soup version 0.30.1-3-gfc49f6343a (webtiles) character file.

Game seed: 14688265457528474080

56 cdecastro the Cudgeller (level 3, -3/31 HPs)
             Began as an Armataur Warper on Aug 10, 2023.
             Was an Initiate of Gozag.
             Slain by an iguana (6 damage)
             ... on level 3 of the Dungeon.
             The game lasted 00:04:34 (1860 turns).

cdecastro the Cudgeller (Armataur Warper)           Turns: 1860, Time: 00:04:34

Health: -3/31      AC:  8    Str: 18    XL:     3   Next: 71%
Magic:  5/5        EV:  3    Int: 13    God:    Gozag
Gold:   123        SH:  0    Dex:  9    Spells: 5/5 levels left

rFire   . . .        a - +0 mace
rCold   + . .        (no shield)
rNeg    . . .        n - +0 plate armour
rPois   .            (no helmet)
rElec   .            (no cloak)
rCorr   .            (no gloves)
SInv    .            (no barding)
Will    .....        (no amulet) Stlth
                     g - ring of protection from cold
HPRegen 0.25/turn    (no ring)
MPRegen 0.09/turn

%: roll
@: no status effects
A: large, rugged brown scales 3, deformed body, armoured tail, roll, long
tongue, awkward tongue
a: Renounce Religion, Potion Petition, Call Merchant, Bribe Branch


You were on level 3 of the Dungeon.
You worshipped Gozag.
Gozag was aware of your devotion.
You visited 1 branch of the dungeon, and saw 3 of its levels.

You collected 166 gold pieces.
You paid 43 gold pieces to Gozag.

Inventory:

Hand Weapons
 a - a +0 mace (weapon)
Missiles
 d - 7 boomerangs of dispersal (quivered)
Armour
 b - a +0 leather armour
 n - a +0 plate armour (worn)
Jewellery
 g - a ring of protection from cold (left hand)
Scrolls
 c - a scroll of blinking
 j - 3 scrolls of amnesia {unknown}
 k - 2 scrolls of identify {unknown}
 m - a scroll of magic mapping {unknown}
 o - a scroll of fog {unknown}
Potions
 e - 2 potions of curing {unknown}
 f - a potion of magic {unknown}
 h - a potion of invisibility {unknown}
 i - 2 potions of mutation {unknown}
 l - 3 potions of degeneration {unknown}
 p - a potion of heal wounds {unknown}


   Skills:
 - Level 1.7 Fighting
 + Level 3.7 Maces & Flails
 - Level 0.8 Throwing
 - Level 1.2 Armour
 - Level 1.3 Dodging
 - Level 1.7 Spellcasting
 - Level 3.0 Translocations


You had 5 spell levels left.
You didn't know any spells.
Your spell library contained the following spells:

 Spells                   Type           Power      Damage    Failure   Level
 Blink                    Tloc           16%        N/A       99%         2
 Lesser Beckoning         Tloc           16%        N/A       99%         2
 Teleport Other           Tloc           8%         N/A       100%        3
 Vhi's Electric Charge    Tloc/Air       10%        N/A       100%        3
 Manifold Assault         Tloc           8%         N/A       100%        4


Dungeon Overview and Level Annotations

Branches:
Dungeon (3/15)

Altars:
Gozag
Zin

Shops:
D:1 :


Innate Abilities, Weirdness & Mutations

You are completely covered in rugged brown scales. (AC +3, +7% HP)
Armour fits poorly on your strangely shaped body.
You have a long armoured tail.
You roll when moving toward enemies. (Rampage)
Your long tongue fully drains potion bottles. (2x potion effects)
Your tongue gives you trouble enunciating. (1.5x scroll delay)


Message History

The giant cockroach bites you but does no damage.
You hit the giant cockroach.
You kill the giant cockroach!
You now have 100 gold pieces (gained 7).
Found a stone staircase leading down.
You open the door.
There is an open door here.
A hobgoblin comes into view.
The hobgoblin shouts!
An iguana comes into view.
There are monsters nearby!
There are monsters nearby!
You roll towards the hobgoblin!
You roll towards the hobgoblin!
The hobgoblin barely misses you.
You closely miss the hobgoblin. You tail-slap the hobgoblin.
You kill the hobgoblin!
You now have 107 gold pieces (gained 7).
You now have 123 gold pieces (gained 16).
Found 6 stones.
The iguana hisses angrily.
An iguana is nearby!
An iguana is nearby!
An iguana is nearby!
You roll towards the iguana!
You roll towards the iguana!
Found 11 gold pieces.
The iguana bites you.
You barely miss the iguana. The iguana bites you!
You hit the iguana.
The iguana is moderately wounded.
The iguana bites you.
* * * LOW HITPOINT WARNING * * *
The iguana bites you!
* * * LOW HITPOINT WARNING * * *
You hit the iguana.
The iguana is heavily wounded.
The iguana bites you but does no damage.
You hit the iguana.
The iguana is severely wounded.
The iguana bites you.
You die...
Your body crumbles into a pile of gold.

############
#..........#
#..........# $
#..........#
...#..........##########
.....(..................
#..l@(.....##########
#..........#
..............#
...#..........# .#
############ $


You could see an iguana.

Vanquished Creatures
  2 dart slugs (D:2)
  6 ball pythons
  2 bats
  3 endoplasms
  3 giant cockroaches
  4 goblins
  6 hobgoblins
  8 kobolds
  2 quokkas
  6 frilled lizards
  7 rats
49 creatures vanquished.

Notes
Turn   | Place    | Note
-------+----------+-------------------------------------------
     0 | D:1      | cdecastro the Armataur Warper began the quest for the Orb.
     0 | D:1      | Reached XP level 1. HP: 18/18 MP: 3/3
    76 | D:1      | Found Asob's Book Emporium.
   203 | D:1      | Reached XP level 2. HP: 25/25 MP: 4/4
   729 | D:1      | Reached XP level 3. HP: 31/31 MP: 5/5
   914 | D:2      | Found a faded altar of an unknown god.
  1700 | D:3      | Found a glowing silver altar of Zin.
  1701 | D:3      | Found an opulent altar of Gozag.
  1717 | D:3      | Became a worshipper of Gozag Ym Sagoz the Greedy
  1755 | D:3      | Identified the +3 ring mail "Beuphuam" {Str-4 Dex+4}
  1860 | D:3      | Slain by an iguana

Illustrated notes

Levels and vault maps discovered:
D:1:      scummos_arrival_star, layout_basic, serial_shops, shop,
          lexackson_kobold_supper
D:2:      layout_loops_cross, nicolae_ecumenical_pavilion
D:3:      layout_basic, grunt_temple_overflow_gold_and_silver,
          mainiacjoe_overflow_small_starburst, lightli_temple_of_fire,
          uniq_grinder

Skill      XL: |  1  2 |
---------------+-------+-----
Maces & Flails | 2 3 |  3.7
Fighting       | |  1.7
Throwing       | |  0.8
Armour         | |  1.2
Dodging        | |  1.3
Spellcasting   | |  1.7
Translocations | |  3.0

Action                     || total
---------------------------++-------
  Melee: Mace              ||   129
         Tailslap          ||    11
 Armour: Leather armour    ||    35
         Plate armour      ||    29
  Dodge: Dodged            ||    48
